 Dungeon Sprint DCSS version 0.28.0-43-g3370ac3207 (webtiles) character file.

Game seed: 155801707725523904

2344 boopmooplesden the Fencer (level 9, -4/86 HPs)
             Began as a Minotaur Berserker on Mar 31, 2022.
             Was a High Priest of Trog.
             Slain by a polar bear (7 damage)
             ... in the Dungeon (Sprint II: "The Violet Keep of Menkaure").
             The game lasted 00:02:07 (581 turns).

boopmooplesden the Fencer (Minotaur Berserker)       Turns: 581, Time: 00:02:08

Health: -4/86      AC: 15    Str: 25    XL:     9   Next: 20%
Magic:  8/8        EV: 13    Int:  4    God:    Trog [*****.]
Gold:   272        SH:  0    Dex: 11    Spells: 8/8 levels left

rFire   + . .      SeeInvis .   a - +0 falchion
rCold   . . .      Faith    .   (no shield)
rNeg    . . .      Spirit   .   m - +3 scale mail {rF+}
rPois   .          Reflect  .   j - +1 hat
rElec   .          Harm     .   (no cloak)
rCorr   .          Rampage  .   k - +0 pair of gloves
Will    .....      NoTele   +   l - +0 pair of boots
Stlth   +.........              (no amulet)
HPRegen 0.24/turn               (no ring)
MPRegen 0.11/turn               (no ring)

@: on berserk cooldown, slowed, very slow
A: horns 2, retaliatory headbutt, deterioration 1, frail 1
a: Renounce Religion, Berserk, Trog's Hand, Brothers in Arms


You were in the Dungeon.
You worshipped Trog.
Trog was extremely pleased with you.
You visited 1 branch You collected 972 gold pieces.
You spent 700 gold pieces at shops.

Inventory:

Hand Weapons
 a - a +0 falchion (weapon)
Armour
 j - a +1 hat (worn)
 k - a +0 pair of gloves (worn)
 l - a +0 pair of boots (worn)
 m - a +3 scale mail of fire resistance (worn)
Scrolls
 h - a scroll of blinking
 i - a scroll of identify {unknown}
Potions
 c - a potion of curing
 d - a potion of heal wounds
 e - a potion of haste
 f - 2 potions of magic
 g - a potion of berserk rage


   Skills:
 + Level 14.8 Fighting
 + Level 16.0 Long Blades
 + Level 8.3 Armour
 + Level 8.8 Dodging
 + Level 3.4 Stealth


You had 8 spell levels left.
You didn't know any spells.
Your spell library was empty.

Dungeon Overview and Level Annotations

Branches:
Dungeon (1/1)

Altars:
Dithmenos
Elyvilon
Fedhas
Gozag
Kikubaaqudgha
Makhleb
Nemelex Xobeh
Okawaru
Qazlal
Ru
Sif Muna
Trog
Uskayaw
Vehumet
Wu Jian
Xom
Yredelemnul
Zin
The Shining One
Jiyva
Lugonu

Shops:
D !:[*?!(*:=![=[=

Annotations:
D exclusions: ice statue, oklob plant and orange crystal statue


Innate Abilities, Weirdness & Mutations

You have a pair of horns on your head.
You reflexively headbutt those who attack you in melee.
Your body sometimes deteriorates upon taking damage.
You are frail. (-10% HP)


Message History

You slice the yaktaur!!
You kill the yaktaur!
Trog accepts your kill.
You feel sick. The polar bear bites you!
* * * LOW HITPOINT WARNING * * *
The polar bear claws you.
* * * LOW HITPOINT WARNING * * *
The polar bear claws you but does no damage.
Your Long Blades skill increases to level 16!
You hit the polar bear. You headbutt the polar bear!
The polar bear is moderately wounded.
You completely miss the polar bear.
The polar bear is moderately wounded.
You feel sick. The polar bear misses you. You furiously retaliate!
You headbutt the polar bear!
The polar bear claws you but does no damage.
The polar bear closely misses you.
You slash the polar bear!
You headbutt the polar bear, but do no damage.
The polar bear is severely wounded.
You feel sick.
You are no longer poisoned.
The polar bear bites you but does no damage.
The polar bear claws you but does no damage.
The polar bear barely misses you.
You closely miss the polar bear.
The polar bear is severely wounded.
You feel yourself speed up.
You are no longer berserk.
You are exhausted.
You feel yourself slow down.
You hit the polar bear but do no damage.
You headbutt the polar bear.
The polar bear is severely wounded.
The polar bear bites you!
* * * LOW HITPOINT WARNING * * *
The polar bear claws you but does no damage. x2
You closely miss the polar bear.
The polar bear is severely wounded.
The polar bear bites you!
You die...

≈ +++ .. ## .##.####
+.### ..# ...# ...####
.####..## #..##.#
###.##..# +..#.)#
##÷÷.#..# #..#h@#
.÷÷##'..####..##†# [
##...#....###...##▓▓▓▓
###.##......≈≈≈≈≈≈≈≈≈≈≈
#####≈≈.....≈#+########
#†#≈≈≈≈≈≈≈§.≈#..._._._#
.##≈≈≈≈≈§§§.≈#_._._._.#
##≈§≈≈≈≈≈≈≈≈§#._._._._#
≈≈≈≈≈§≈§≈≈≈≈≈#_._._._.#


You could see a polar bear.

Vanquished Creatures
  A merfolk siren (D)
  A yaktaur (D)
  2 polar bears (D)
  A hornet (D)
  A vampire mosquito (D)
  4 neqoxecs (D)
  2 water moccasins (D)
  4 necrophages (D)
  3 worms (D)
19 creatures vanquished.

Vanquished Creatures (others)
  Menkaure (D)
1 creature vanquished.

Grand Total: 20 creatures vanquished

Notes
Turn   | Place    | Note
-------+----------+-------------------------------------------
     0 | D        | boopmooplesden the Minotaur Berserker began the quest for
                  | the Orb.
     0 | D        | Reached XP level 1. HP: 19/19 MP: 0/0
     1 | D        | Noticed a merfolk siren
     8 | D        | HP: 1/28 [merfolk siren/+0 trident (7)]
     9 | D        | Killed a merfolk siren
    10 | D        | Reached skill level 10 in Fighting
    10 | D        | Reached skill level 10 in Long Blades
    10 | D        | Reached skill level 5 in Armour
    10 | D        | Reached skill level 5 in Dodging
    10 | D        | Reached XP level 2. HP: 3/39 MP: 1/1
    10 | D        | Reached XP level 3. HP: 4/46 MP: 2/2
    10 | D        | Reached XP level 4. HP: 4/52 MP: 3/3
    10 | D        | Reached XP level 5. HP: 5/59 MP: 4/4
    10 | D        | Reached XP level 6. HP: 6/67 MP: 5/5
    13 | D        | Noticed an ice statue
   135 | D        | Killed Menkaure
   299 | D        | Reached ** piety under Trog
   300 | D        | Reached skill level 11 in Long Blades
   307 | D        | Reached skill level 12 in Long Blades
   307 | D        | Reached XP level 7. HP: 75/75 MP: 6/6
   345 | D        | Reached *** piety under Trog
   360 | D        | Noticed an orange crystal statue
   374 | D        | Noticed a neqoxec
   383 | D        | Killed a neqoxec
   384 | D        | Reached skill level 13 in Long Blades
   384 | D        | Reached skill level 1 in Stealth
   385 | D        | Noticed a neqoxec
   385 | D        | Noticed a neqoxec
   385 | D        | Noticed a neqoxec
   388 | D        | Killed a neqoxec
   388 | D        | Reached **** piety under Trog
   392 | D        | Killed a neqoxec
   393 | D        | Reached XP level 8. HP: 86/86 MP: 7/7
   394 | D        | Gained mutation: You are frail. (-10% HP) [a neqoxec]
   396 | D        | Gained mutation: Your body sometimes deteriorates upon
                  | taking damage. [a neqoxec]
   400 | D        | Reached skill level 14 in Long Blades
   432 | D        | Found Enybevi's Jewellery Emporium.
   432 | D        | Found Apexeg's Jewellery Emporium.
   432 | D        | Found Quhed's Book Shoppe.
   432 | D        | Found Joliz's Antique Armour Shoppe.
   432 | D        | Found Somuahan's Armour Shoppe.
   432 | D        | Found Geaghyuwn's Assorted Antiques.
   432 | D        | Found Ovoc's Distillery.
   432 | D        | Found Sahubayx's Antique Weapon Shoppe.
   433 | D        | Found Doplueny's Jewellery Emporium.
   433 | D        | Found Sobyof's Distillery.
   433 | D        | Found Piripn's Magic Scroll Shoppe.
   451 | D        | Reached ***** piety under Trog
   461 | D        | Found Tasuw's General Store.
   461 | D        | Found Zuthry's Antique Armour Emporium.
   461 | D        | Noticed an oklob plant
   462 | D        | Found Yjetah's Distillery.
   462 | D        | Found Amidgh's Book Shoppe.
   475 | D        | Bought an embroidered hat for 224 gold pieces
   486 | D        | Bought a pair of gloves for 108 gold pieces
   486 | D        | Bought a pair of boots for 108 gold pieces
   487 | D        | Bought a +3 scale mail of fire resistance for 260 gold
                  | pieces
   537 | D        | Found a glowing golden altar of the Shining One.
   537 | D        | Found an ornate altar of the Wu Jian Council.
   538 | D        | Found a shimmering altar of Xom.
   538 | D        | Found a sacrificial altar of Ru.
   538 | D        | Found a stormy altar of Qazlal.
   539 | D        | Found a basalt altar of Yredelemnul.
   539 | D        | Found a shimmering blue altar of Sif Muna.
   539 | D        | Found a viscous altar of Jiyva.
   540 | D        | Found a glowing silver altar of Zin.
   540 | D        | Found a bloodstained altar of Trog.
   540 | D        | Found an ancient bone altar of Kikubaaqudgha.
   541 | D        | Found a hide-covered altar of Uskayaw.
   541 | D        | Found a corrupted altar of Lugonu.
   541 | D        | Found a shadowy altar of Dithmenos.
   542 | D        | Found a radiant altar of Vehumet.
   542 | D        | Found a burning altar of Makhleb.
   542 | D        | Found a white marble altar of Elyvilon.
   543 | D        | Found a sparkling altar of Nemelex Xobeh.
   543 | D        | Found a blossoming altar of Fedhas.
   544 | D        | Found an iron altar of Okawaru.
   544 | D        | Found an opulent altar of Gozag.
   544 | D        | Noticed a polar bear
   544 | D        | Noticed a polar bear
   545 | D        | Noticed a yaktaur
   545 | D        | Noticed a hornet
   550 | D        | Killed a polar bear
   551 | D        | Reached skill level 15 in Long Blades
   556 | D        | Killed a polar bear
   557 | D        | Noticed a polar bear
   566 | D        | Paralysed by a hornet for 3 turns
   570 | D        | Killed a hornet
   571 | D        | Reached XP level 9. HP: 32/86 MP: 8/8
   575 | D        | Killed a yaktaur
   576 | D        | Reached skill level 16 in Long Blades
   580 | D        | HP: 3/86 [polar bear (8)]
   581 | D        | Slain by a polar bear

Illustrated notes

Levels and vault maps discovered:
D:        the_violet_keep_of_menkaure [sprint2_stairs_cluster_1,
          sprint2_shoproom, sprint2_temple, sprint2_basic_supplies,
          sprint2_obstacle_4, sprint2_obstacle_3, sprint2_obstacle_2,
          sprint2_obstacle_6, sprint2_obstacle_1, sprint2_timed_cluster_1,
          sprint2_smallroom_cluster_1, sprint2_smallroom_final_cluster_1,
          sprint2_transparent_cluster_1, sprint2_second_timed_cluster_1,
          sprint2_sniper_area_1, sprint2_heavy_combat_area_1,
          sprint2_mutation_trap_area_1, sprint2_forest_area_1,
          sprint2_light_combat_area_1, sprint2_behind_water_1,
          sprint2_near_end_vault_1]

Skill      XL: |  1  2  3  4  5  6  7  8  9 |
---------------+----------------------------+-----
Fighting       | 10 11 13 14 | 14.8
Long Blades    | 10 12 13 15 16 | 16.0
Armour         | 5 6 7 8 |  8.3
Dodging        | 5 6 7 8 |  8.8
Stealth        | 1 3 |  3.4

Action                   |  1- 3 |  4- 6 |  7- 9 || total
-------------------------+-------+-------+-------++-------
Melee: Falchion          |     6 |     8 |    68 ||    82
       Headbutt          |     1 |     1 |    13 ||    15
Invok: Berserk           |     1 |     1 |     2 ||     4
 Stab: Sleeping          |       |       |     1 ||     1
Armor: Animal skin       |       |       |     1 ||     1
       Scale mail        |       |       |    33 ||    33
Dodge: Dodged            |     2 |     3 |    38 ||    43
